HSSL
OCEANSIDE HS PIRATES @ GRAND RAPIDS HS SUMMIT
04/24/2027
 
TOP OF THE 1ST
Oceanside HS Pirates batting - Pitching for Grand Rapids HS Summit : RHP Ron Fields
Pitching: RHP Ron Fields
Batting: RHB Henry Rose 0-0: Ball
1-0: Ball
2-0: Ball
3-0: Called Strike
3-1: Base on Balls
Batting: LHB Frank Byrd 0-0: Ball
1-0: Ball
2-0: Called Strike
2-1: Ball
3-1: Foul Ball, location: 2F
3-2: Strikes out swinging
Batting: LHB Ron Young 0-0: Ball
Henry Rose steals 2nd base
1-0: Ball
2-0: Ball
3-0: Base on Balls
Batting: RHB Heath Jones 0-0: Called Strike
0-1: Ball
1-1: Foul Ball, location: 2F
1-2: Fly out, F9 (Flyball, 9S)
Batting: LHB Otis Campbell 0-0: SINGLE (Line Drive, 6MD)
Henry Rose to third
Ron Young to second
Runner from 3rd tries for Home, SAFE, no throw
Batting: RHB Howard Brown 0-0: Ball
1-0: Ball
2-0: Swinging Strike
2-1: Foul Ball, location: 2F
2-2: Fly out, F8 (Line Drive, 8LS)
Top of the 1st over - 1 run(s), 1 hit(s), 0 error(s), 2 left on base; Oceanside HS 1 - Grand Rapids HS 0
BOTTOM OF THE 1ST
Grand Rapids HS Summit batting - Pitching for Oceanside HS Pirates : RHP Júlio Vázquez
Pitching: RHP Júlio Vázquez
Batting: RHB Bob Barnes 0-0: Ball
1-0: Called Strike
1-1: Ground out 2-3 (Groundball, 15S)
Batting: RHB Julián Maez 0-0: Ball
1-0: Foul Ball, location: 2F
1-1: Ball
2-1: SOLO HOME RUN (Flyball, 7LD), Distance : 324 ft
Batting: LHB Chris Henry 0-0: Foul Ball, location: 2F
0-1: Called Strike
0-2: Ball
1-2: Ball
2-2: Ball
3-2: SOLO HOME RUN (Flyball, 9LD), Distance : 326 ft
Batting: LHB Jeffery Casey 0-0: Foul Ball, location: 2F
0-1: Ball
1-1: Ball
2-1: Foul Ball, location: 2F
2-2: Fly out, F9 (Line Drive, 9S)
Batting: LHB Carlos Gutiérrez 0-0: Foul Ball, location: 2F
0-1: Foul Ball, location: 2F
0-2: SINGLE (Groundball, 4MD)
Batting: RHB Jonathan Holden 0-0: Called Strike
0-1: Ball
1-1: Foul Ball, location: 2F
1-2: Ball
2-2: Foul Ball, location: 2F
2-2: Foul Ball, location: 2F
2-2: Fly out, F5 (Popup, 5L)
Bottom of the 1st over - 2 run(s), 3 hit(s), 0 error(s), 1 left on base; Oceanside HS 1 - Grand Rapids HS 2
TOP OF THE 2ND
Oceanside HS Pirates batting - Pitching for Grand Rapids HS Summit : RHP Ron Fields
Batting: RHB Anthony Payton 0-0: Ball
1-0: Fly out, F6 (Line Drive, 56)
Batting: RHB Danny Boykins 0-0: Ball
1-0: Called Strike
1-1: Ball
2-1: Called Strike
2-2: Strikes out looking
Batting: RHB Pancho Rodríguez 0-0: Called Strike
0-1: Swinging Strike
0-2: Ball
1-2: Ball
2-2: Strikes out looking
Top of the 2nd over - 0 run(s), 0 hit(s), 0 error(s), 0 left on base; Oceanside HS 1 - Grand Rapids HS 2
BOTTOM OF THE 2ND
Grand Rapids HS Summit batting - Pitching for Oceanside HS Pirates : RHP Júlio Vázquez
Batting: RHB Rob Walker 0-0: Ball
1-0: Ball
2-0: Ball
3-0: Base on Balls
Batting: RHB Shawn Hanner 0-0: Ball
1-0: Called Strike
1-1: Foul Ball, location: 2F
1-2: Fly out, F8 (Flyball, 8RD)
Batting: RHB Ted Morgan 0-0: Ball
1-0: Fly out, F4 (Flyball, 34D)
Batting: RHB Bob Barnes 0-0: Called Strike
0-1: Fly out, F9 (Flyball, 89S)
Bottom of the 2nd over - 0 run(s), 0 hit(s), 0 error(s), 1 left on base; Oceanside HS 1 - Grand Rapids HS 2
TOP OF THE 3RD
Oceanside HS Pirates batting - Pitching for Grand Rapids HS Summit : RHP Ron Fields
Batting: RHB Henry Rose 0-0: Called Strike
0-1: Foul Ball, location: 2F
0-2: Ball
1-2: SINGLE (Flyball, 7S)
Batting: LHB Frank Byrd 0-0: Ball
1-0: Swinging Strike
1-1: Ball
2-1: Called Strike
2-2: Foul Ball, location: 2F
2-2: Foul Ball, location: 2F
2-2: Ball
3-2: SINGLE (Flyball, 8LS)
Henry Rose to second
Henry Rose to third
Batting: LHB Ron Young 0-0: Ball
1-0: Called Strike
1-1: Grounds into double play, 4-6-3 (Groundball, 34)
Henry Rose scores
Batting: RHB Heath Jones 0-0: Ball
1-0: Ball
2-0: Foul Ball, location: 2F
2-1: Ball
3-1: Foul Ball, location: 2F
3-2: Strikes out swinging
Top of the 3rd over - 1 run(s), 2 hit(s), 0 error(s), 0 left on base; Oceanside HS 2 - Grand Rapids HS 2
BOTTOM OF THE 3RD
Grand Rapids HS Summit batting - Pitching for Oceanside HS Pirates : RHP Júlio Vázquez
Batting: RHB Julián Maez 0-0: Called Strike
0-1: Ball
1-1: Ball
2-1: Ground out 6-3 (Groundball, 6)
Batting: LHB Chris Henry 0-0: Swinging Strike
0-1: Ball
1-1: Swinging Strike
1-2: Ground out 1-3 (Groundball, P)
Batting: LHB Jeffery Casey 0-0: Ball
1-0: Called Strike
1-1: Ball
2-1: Swinging Strike
2-2: Ball
3-2: Strikes out swinging
Bottom of the 3rd over - 0 run(s), 0 hit(s), 0 error(s), 0 left on base; Oceanside HS 2 - Grand Rapids HS 2
TOP OF THE 4TH
Oceanside HS Pirates batting - Pitching for Grand Rapids HS Summit : RHP Ron Fields
Batting: LHB Otis Campbell 0-0: Swinging Strike
0-1: Ground out 6-3 (Groundball, 6M)
Batting: RHB Howard Brown 0-0: Ball
1-0: Foul Ball, location: 2F
1-1: Fly out, F6 (Line Drive, 6)
Batting: RHB Anthony Payton 0-0: Called Strike
0-1: Foul Ball, location: 2F
0-2: Ball
1-2: Foul Ball, location: 2F
1-2: Ball
2-2: Ball
3-2: Ground out U3 (Groundball, 34S)
Top of the 4th over - 0 run(s), 0 hit(s), 0 error(s), 0 left on base; Oceanside HS 2 - Grand Rapids HS 2
BOTTOM OF THE 4TH
Grand Rapids HS Summit batting - Pitching for Oceanside HS Pirates : RHP Júlio Vázquez
Batting: LHB Carlos Gutiérrez 0-0: Ball
1-0: Ball
2-0: Ground out U3 (Groundball, 34)
Batting: RHB Jonathan Holden 0-0: Single, Error in OF, E7, batter to second base
Batting: RHB Rob Walker 0-0: Ball
1-0: Called Strike
1-1: Foul Ball, location: 2F
1-2: Foul Ball, location: 2F
1-2: Fly out, F8 (Flyball, 8LS)
Batting: RHB Shawn Hanner 0-0: Ball
1-0: Swinging Strike
1-1: Ball
2-1: Ball
3-1: Base on Balls
Batting: RHB Ted Morgan 0-0: Ball
1-0: Swinging Strike
1-1: Ball
2-1: Called Strike
2-2: Fly out, F4 (Line Drive, 4M)
Bottom of the 4th over - 0 run(s), 1 hit(s), 1 error(s), 2 left on base; Oceanside HS 2 - Grand Rapids HS 2
TOP OF THE 5TH
Oceanside HS Pirates batting - Pitching for Grand Rapids HS Summit : RHP Ron Fields
Batting: RHB Danny Boykins 0-0: Called Strike
0-1: Ball
1-1: DOUBLE (Flyball, 9D)
Batting: RHB Pancho Rodríguez 0-0: Called Strike
0-1: Ball
1-1: Ball
2-1: Ball
3-1: Fly out, F3 (Popup, 3L)
Batting: RHB Henry Rose 0-0: Ball
1-0: Ball
2-0: Called Strike
2-1: Swinging Strike
2-2: Single, Error in OF, E9, batter to second base
Danny Boykins scores
Pitching: RHP Jesús Betancourt
Batting: LHB Frank Byrd 0-0: Foul Ball, location: 2F
0-1: Called Strike
0-2: Strikes out swinging
Batting: LHB Ron Young 0-0: Swinging Strike
0-1: Ball
1-1: Called Strike
1-2: Strikes out swinging
Top of the 5th over - 1 run(s), 2 hit(s), 1 error(s), 1 left on base; Oceanside HS 3 - Grand Rapids HS 2
BOTTOM OF THE 5TH
Grand Rapids HS Summit batting - Pitching for Oceanside HS Pirates : RHP Júlio Vázquez
Batting: RHB Bob Barnes 0-0: Called Strike
0-1: SINGLE (Groundball, 4MD)
Batting: RHB Julián Maez 0-0: SINGLE (Line Drive, 34)
Bob Barnes to second
Batting: LHB Chris Henry 0-0: TRIPLE (Line Drive, 3L)
Bob Barnes scores
Julián Maez scores
Batting: LHB Jeffery Casey 0-0: Foul Ball, location: 2F
0-1: Foul Ball, location: 2F
0-2: Ball
1-2: Foul Ball, location: 2F
1-2: Foul Ball, location: 2F
1-2: Foul Ball, location: 2F
1-2: Foul Ball, location: 2F
1-2: 2-RUN HOME RUN (Flyball, 9D), Distance : 350 ft
Pitching: LHP Henry Bell
Batting: LHB Carlos Gutiérrez 0-0: Foul Ball, location: 2F
0-1: Foul Ball, location: 2F
0-2: DOUBLE (Line Drive, 89XD)
Batting: RHB Jonathan Holden 0-0: Swinging Strike
0-1: Called Strike
0-2: Fly out, F7 (Flyball, 7)
Batting: RHB Rob Walker 0-0: Swinging Strike
0-1: Ball
1-1: Ball
2-1: SINGLE (Groundball, 34D)
Carlos Gutiérrez to third
Batting: RHB Shawn Hanner 0-0: Ball
1-0: Called Strike
1-1: SINGLE (Flyball, 8RS)
Carlos Gutiérrez scores
Rob Walker to second
Batting: RHB Ted Morgan 0-0: SINGLE (Line Drive, 4MD)
Rob Walker to third
Shawn Hanner to second
Runner from 3rd tries for Home, SAFE, throw made home
Batting: RHB Bob Barnes 0-0: Ball
1-0: Ball
2-0: Ball
3-0: Called Strike
3-1: Base on Balls
Shawn Hanner to third
Ted Morgan to second
Batting: RHB Julián Maez 0-0: Ball
1-0: Fly out, F7 (Flyball, 7S)
Batting: LHB Chris Henry 0-0: Ball
1-0: Foul Ball, location: 2F
1-1: Swinging Strike
1-2: Strikes out swinging
Bottom of the 5th over - 6 run(s), 8 hit(s), 0 error(s), 3 left on base; Oceanside HS 3 - Grand Rapids HS 8
TOP OF THE 6TH
Oceanside HS Pirates batting - Pitching for Grand Rapids HS Summit : RHP Jesús Betancourt
Batting: RHB Heath Jones 0-0: Foul Ball, location: 2F
0-1: Foul Ball, location: 2F
0-2: Ball
1-2: Ball
2-2: Foul Ball, location: 2F
2-2: Ground out U3 (Groundball, 34S)
Batting: LHB Otis Campbell 0-0: Ball
1-0: Ball
2-0: Foul Ball, location: 2F
2-1: Foul Ball, location: 2F
2-2: Ball
3-2: SOLO HOME RUN (Flyball, 78XD), Distance : 373 ft
Batting: RHB Howard Brown 0-0: Called Strike
0-1: Ground out 6-3 (Groundball, 6)
Batting: RHB Anthony Payton 0-0: Ball
1-0: Ball
2-0: Swinging Strike
2-1: Ball
3-1: Base on Balls
Batting: RHB Danny Boykins 0-0: Ball
1-0: Fly out, F4 (Popup, 4D)
Top of the 6th over - 1 run(s), 1 hit(s), 0 error(s), 1 left on base; Oceanside HS 4 - Grand Rapids HS 8
BOTTOM OF THE 6TH
Grand Rapids HS Summit batting - Pitching for Oceanside HS Pirates : LHP Henry Bell
Pitching: RHP Tim Rogers
Batting: LHB Jeffery Casey 0-0: Ball
1-0: Ball
2-0: Ball
3-0: Foul Ball, location: 2F
3-1: Swinging Strike
3-2: Base on Balls
Batting: LHB Carlos Gutiérrez 0-0: Ball
1-0: Ball
2-0: Ball
3-0: Called Strike
3-1: Called Strike
3-2: Base on Balls
Jeffery Casey to second
Batting: RHB Jonathan Holden 0-0: Grounds into double play, 6-4-3 (Groundball, 6)
Jeffery Casey to third
Batting: RHB Rob Walker 0-0: Called Strike
0-1: SINGLE (Flyball, 7S)
Jeffery Casey scores
Batting: RHB Shawn Hanner 0-0: Called Strike
0-1: Ball
1-1: Foul Ball, location: 2F
1-2: SINGLE (Line Drive, 6M)
Rob Walker to second
Batting: RHB Ted Morgan 0-0: Called Strike
0-1: Called Strike
0-2: Strikes out swinging
Bottom of the 6th over - 1 run(s), 2 hit(s), 0 error(s), 2 left on base; Oceanside HS 4 - Grand Rapids HS 9
TOP OF THE 7TH
Oceanside HS Pirates batting - Pitching for Grand Rapids HS Summit : RHP Jesús Betancourt
Batting: RHB Pancho Rodríguez 0-0: Called Strike
0-1: Ball
1-1: Foul Ball, location: 2F
1-2: Fly out, F9 (Flyball, 9S)
Batting: RHB Henry Rose 0-0: Swinging Strike
0-1: Foul Ball, location: 2F
0-2: Fly out, F8 (Flyball, 8LM)
Batting: LHB Frank Byrd 0-0: Swinging Strike
0-1: Ball
1-1: Swinging Strike
1-2: Ball
2-2: Foul Ball, location: 2F
2-2: Fly out, F8 (Flyball, 89D)
Top of the 7th over - 0 run(s), 0 hit(s), 0 error(s), 0 left on base; Oceanside HS 4 - Grand Rapids HS 9
BOTTOM OF THE 7TH
Grand Rapids HS Summit batting - Pitching for Oceanside HS Pirates : RHP Tim Rogers
Batting: RHB Bob Barnes 0-0: Ball
1-0: Called Strike
1-1: Fly out, F1 (Line Drive, 13)
Batting: RHB Julián Maez 0-0: Foul Ball, location: 2F
0-1: Foul Ball, location: 2F
0-2: Ball
1-2: Ground out 5-3 (Groundball, 56S)
Batting: LHB Chris Henry 0-0: Ball
1-0: SINGLE (Flyball, 4MD)
Batting: LHB Jeffery Casey 0-0: Ball
1-0: Ball
2-0: Foul Ball, location: 2F
2-1: Fly out, F4 (Flyball, 3D)
Bottom of the 7th over - 0 run(s), 1 hit(s), 0 error(s), 1 left on base; Oceanside HS 4 - Grand Rapids HS 9
TOP OF THE 8TH
Oceanside HS Pirates batting - Pitching for Grand Rapids HS Summit : RHP Jesús Betancourt
Batting: LHB Ron Young 0-0: Ball
1-0: Swinging Strike
1-1: Foul Ball, location: 2F
1-2: SINGLE (Flyball, 89S)
Batting: RHB Heath Jones 0-0: Called Strike
0-1: Foul Ball, location: 2F
0-2: Strikes out swinging
Batting: LHB Otis Campbell 0-0: Ball
1-0: Ball
Wild Pitch!
Ron Young to second
2-0: SINGLE (Flyball, 8LS)
Ron Young to third
Runner from 3rd tries for Home, SAFE, no throw
Pitching: RHP Joe Metcalf
Batting: RHB Howard Brown 0-0: Foul Ball, location: 2F
0-1: Ball
1-1: Fly out, F4 (Popup, 4D)
Batting: RHB Anthony Payton 0-0: Called Strike
0-1: Fly out, F3 (Flyball, 3DF)
Top of the 8th over - 1 run(s), 2 hit(s), 0 error(s), 1 left on base; Oceanside HS 5 - Grand Rapids HS 9
BOTTOM OF THE 8TH
Grand Rapids HS Summit batting - Pitching for Oceanside HS Pirates : RHP Tim Rogers
Batting: LHB Carlos Gutiérrez 0-0: Ball
1-0: SINGLE (Line Drive, 3D)
Batting: RHB Jonathan Holden 0-0: Called Strike
0-1: DOUBLE (Flyball, 8LD)
Carlos Gutiérrez to third
Batting: RHB Rob Walker 0-0: Ball
1-0: Fly out, F8 (Flyball, 8LM)
Runner from 3rd tags up, OUT at HOME
Jonathan Holden to third
Batting: RHB Shawn Hanner 0-0: Called Strike
0-1: Ball
1-1: Ball
2-1: Ball
3-1: Base on Balls
Pitching: RHP Roger MacFadden
Batting: RHB Ted Morgan 0-0: Foul Ball, location: 2F
0-1: Fly out, F4 (Popup, 4D)
Bottom of the 8th over - 0 run(s), 2 hit(s), 0 error(s), 2 left on base; Oceanside HS 5 - Grand Rapids HS 9
TOP OF THE 9TH
Oceanside HS Pirates batting - Pitching for Grand Rapids HS Summit : RHP Joe Metcalf
Batting: RHB Danny Boykins 0-0: Called Strike
0-1: Ball
1-1: Ball
2-1: Ball
3-1: Base on Balls
Batting: RHB Pancho Rodríguez 0-0: Ball
1-0: Foul Ball, location: 2F
1-1: Ball
2-1: DOUBLE (Line Drive, 89M)
Danny Boykins to third
Pitching: RHP Dale Jordan
Batting: RHB Henry Rose 0-0: Ball
1-0: Foul Ball, location: 2F
1-1: Ground out 1-3 (Groundball, P)
Batting: LHB Frank Byrd 0-0: Foul Ball, location: 2F
0-1: Ground out 4-3 (Groundball, 4)
Danny Boykins scores
Pancho Rodríguez to third
Batting: LHB Ron Young 0-0: Swinging Strike
0-1: Foul Ball, location: 2F
0-2: Ball
1-2: SINGLE (Line Drive, 8RM)
Pancho Rodríguez scores
Batting: RHB Heath Jones 0-0: Ball
1-0: Ball
2-0: Called Strike
2-1: Called Strike
2-2: SINGLE (Flyball, 7S)
Ron Young to second
Batting: LHB Otis Campbell 0-0: Ball
1-0: Ball
2-0: Swinging Strike
2-1: SINGLE (Groundball, 2L) (infield hit)
Ron Young to third
Heath Jones to second
Batting: RHB Howard Brown 0-0: Foul Ball, location: 2F
0-1: Called Strike
0-2: Ball
1-2: Ball
2-2: Strikes out swinging
Top of the 9th over - 2 run(s), 4 hit(s), 0 error(s), 3 left on base; Oceanside HS 7 - Grand Rapids HS 9
Thursday, March 30th, 2017 - OOTP Baseball 17.12 Build 75